 Dungeon Crawl Stone Soup version 0.29.1-12-g30fa7ad0bf (webtiles) character file.

Game seed: 5808818340956954044

2670 Skuilla the Cleaver (level 9, -20/80 HPs)
             Began as a Minotaur Berserker on Jan 1, 2023.
             Was a Priest of Trog.
             Killed from afar by a deep elf sorcerer (22 damage)
             ... with damnation
             ... on level 2 of the Abyss.
             The game lasted 00:15:25 (5664 turns).

Skuilla the Cleaver (Minotaur Berserker)            Turns: 5664, Time: 00:15:26

Health: -20/80     AC: 20    Str: 25    XL:     9   Next: 37%
Magic:  8/8        EV: 10    Int:  4    God:    Trog [***...]
Gold:   300        SH:  0    Dex: 11    Spells: 8/8 levels left

rFire   . . .      SeeInvis .   f - +5 hand axe
rCold   . . .      Faith    .   (no shield)
rNeg    . . .      Spirit   .   B - +0 chain mail
rPois   +          Reflect  .   (helmet restricted)
rElec   .          Harm     .   (no cloak)
rCorr   .          Rampage  .   g - +0 pair of gloves
Will    +....                   y - +3 pair of boots of the Catamount {rPois Will+}
Stlth   ..........              l - amulet of regeneration
HPRegen 1.03/turn               j - +4 ring of protection
MPRegen 0.11/turn               (no ring)

@: about to teleport
A: horns 2, retaliatory headbutt
a: Renounce Religion, Berserk, Trog's Hand


You were on level 2 of the Abyss.
You worshipped Trog.
Trog was most pleased with you.
You visited 1 branch of the dungeon, and saw 7 of its levels.
You visited the Abyss 1 time.

You collected 300 gold pieces.

Inventory:

Hand Weapons
 f - a +5 hand axe (weapon)
Missiles
 m - 2 throwing nets (quivered)
Armour
 g - a +0 pair of gloves (worn)
 y - the +3 pair of boots of the Catamount (worn) {rPois Will+}
   (You found it on level 7 of the Dungeon)

   rPois:     It protects you from poison.
   Will:      It increases your willpower.
 B - a +0 chain mail (worn)
Jewellery
 j - a +4 ring of protection (left hand)
 l - an amulet of regeneration (around neck)
 n - a ring of ice
 p - a ring of magical power
Wands
 v - a wand of iceblast (10)
Scrolls
 c - 2 scrolls of teleportation
 h - a scroll of brand weapon {unknown}
 o - a scroll of identify
 q - a scroll of fear
 r - a scroll of butterflies
 t - a scroll of magic mapping
 A - a scroll of amnesia {unknown}
Potions
 a - 3 potions of lignification
 b - a potion of attraction {unknown}
 d - a potion of heal wounds {unknown}
 e - 2 potions of mutation
 i - a potion of haste {unknown}
 k - a potion of cancellation {unknown}
 s - 3 potions of might
 u - 2 potions of curing {unknown}
 w - a potion of magic {unknown}
 x - a potion of resistance {unknown}
 z - a potion of flight {unknown}


   Skills:
 + Level 7.7 Fighting
 * Level 10.4 Axes
 + Level 7.3 Armour
 + Level 6.6 Dodging


You had 8 spell levels left.
You didn't know any spells.
Your spell library was empty.

Dungeon Overview and Level Annotations

Branches:
Dungeon (7/15)             Temple (0/1) D:6

Altars:
Ashenzari
Cheibriados
Gozag
Hepliaklqana
Kikubaaqudgha
Qazlal
Xom
Yredelemnul

Annotations:
D:7 Maggie


Innate Abilities, Weirdness & Mutations

You have a pair of horns on your head.
You reflexively headbutt those who attack you in melee.


Message History

You feel the power of the Abyss delaying your translocation!
The deep elf sorcerer shouts, "You can't withstand my power!"
The deep elf sorcerer casts a spell.
The deep elf sorcerer seems to speed up.
A starcursed mass splits.
A deafening chorus of shrieks assaults your mind!
A chorus of shrieks assaults your mind. The starcursed mass misses you.
The starcursed mass barely misses you. You furiously retaliate!
You headbutt the starcursed mass!
The starcursed mass shudders and is absorbed by its neighbour.
The deep elf sorcerer gestures at you while chanting.
The sphere of damnation explodes!
The damnation engulfs you!!
A starcursed mass splits.
You hear a shout!
You hear a chilling moan.
The starcursed mass touches you! A chorus of shrieks assaults your mind.
The starcursed mass touches you.
* * * LOW HITPOINT WARNING * * *
A chorus of shrieks assaults your mind.
* * * LOW HITPOINT WARNING * * *
You slash the starcursed mass!
The starcursed mass is heavily damaged.
You hit the starcursed mass.
The starcursed mass shudders and is absorbed by its neighbour.
The starcursed mass shudders and withdraws towards its neighbour.
The deep elf sorcerer attacks as you move away!
The deep elf sorcerer hits you but does no damage.
The deep elf sorcerer casts a spell at you.
The bolt of acid hits you!
* * * LOW HITPOINT WARNING * * *
A chorus of shrieks assaults your mind.
* * * LOW HITPOINT WARNING * * *
The deep elf sorcerer casts a spell at you.
You resist with some effort.
Unknown command.
A starcursed mass splits.
The deep elf sorcerer casts a spell at you.
The sphere of damnation explodes!
The damnation engulfs you!!
You die...

##. .. .. ##. ###
# ## ## ##. ###
.#.# #..## . ..
.#.# .##..#..#
#..####....
.#.@......##
.#...#.##.#......
#X..X##.##.......
.##.##eX#####..e.
. .....##X....# .
...
#...#...##...ยง.
..# #.#.. ###
...... .# .#.#
........ .#. .


You could see 4 starcursed masses and a deep elf sorcerer (fast).

Vanquished Creatures
  Sigmund (D:4)
  5 yaks (D:6)
  An orc warrior (D:6)
  An ice beast (D:5)
  2 sky beasts (D:6)
  2 ogres
  A centaur (D:6)
  A phantom (D:4)
  2 scorpions (D:5)
  4 necrophages (D:4)
  A wight (D:4)
  A human zombie (D:4)
  4 hounds
  An orc priest (D:5)
  5 iguanas
  4 orc wizards
  Natasha (thrice) (D:4)
  A hound zombie (D:4)
  4 mummies (D:4)
  6 adders
  A white imp (D:6)
  An adder zombie (D:4)
  A worm (D:3)
  5 dart slugs
  13 orcs
  3 ball pythons (D:3)
  10 endoplasms
  5 giant cockroaches
  6 hobgoblins
  4 kobolds
  4 quokkas
  7 bats
  3 frilled lizards
  7 goblins
  A goblin zombie (D:4)
  A quokka zombie (D:4)
  5 rats
127 creatures vanquished.

Notes
Turn   | Place    | Note
-------+----------+-------------------------------------------
     0 | D:1      | Skuilla the Minotaur Berserker began the quest for the Orb.
     0 | D:1      | Reached XP level 1. HP: 19/19 MP: 0/0
   138 | D:1      | Reached XP level 2. HP: 27/27 MP: 1/1
   144 | D:1      | Reached skill level 4 in Axes
   314 | D:1      | Found a faded altar of an unknown god.
  1078 | D:2      | Reached XP level 3. HP: 33/33 MP: 2/2
  1104 | D:2      | Reached ** piety under Trog
  2354 | D:3      | Found a broken altar of Ashenzari.
  2355 | D:3      | Found a stormy altar of Qazlal.
  2355 | D:3      | Found an opulent altar of Gozag.
  2355 | D:3      | Found a basalt altar of Yredelemnul.
  2357 | D:3      | Found a hazy altar of Hepliaklqana.
  2361 | D:3      | Found a snail-covered altar of Cheibriados.
  2367 | D:3      | Reached XP level 4. HP: 40/40 MP: 3/3
  3154 | D:4      | Found a sand-covered staircase.
  3225 | D:4      | Reached skill level 5 in Axes
  3252 | D:4      | Found an ancient bone altar of Kikubaaqudgha.
  3268 | D:4      | Reached XP level 5. HP: 38/47 MP: 4/4
  3295 | D:4      | Reached skill level 6 in Axes
  3295 | D:4      | Reached XP level 6. HP: 55/55 MP: 5/5
  3304 | D:4      | Reached skill level 5 in Fighting
  3362 | D:4      | Reached XP level 7. HP: 61/61 MP: 6/6
  3419 | D:4      | Noticed Natasha
  3424 | D:4      | Killed Natasha
  3486 | D:4      | Reached *** piety under Trog
  3492 | D:4      | Reached skill level 7 in Axes
  3514 | D:4      | Noticed Natasha
  3521 | D:4      | Killed Natasha
  3522 | D:4      | Reached skill level 5 in Armour
  3545 | D:4      | Noticed Sigmund
  3556 | D:4      | Killed Sigmund
  3698 | D:4      | Noticed Natasha
  3700 | D:4      | Killed Natasha
  3769 | D:5      | Entered Level 5 of the Dungeon
  3857 | D:5      | Found a shimmering altar of Xom.
  3865 | D:5      | Reached skill level 8 in Axes
  3865 | D:5      | Reached skill level 5 in Dodging
  3865 | D:5      | Reached XP level 8. HP: 56/70 MP: 7/7
  4679 | D:6      | Reached skill level 9 in Axes
  4767 | D:6      | Reached XP level 9. HP: 69/79 MP: 8/8
  4777 | D:6      | Reached skill level 10 in Axes
  5066 | D:6      | Found a staircase to the Ecumenical Temple.
  5192 | D:6      | Reached **** piety under Trog
  5458 | D:7      | Identified the +3 pair of boots of the Catamount {rPois
                  | Will+}
  5569 | D:7      | Noticed Maggie
  5574 | Abyss:1  | Cast into level 1 of the Abyss (Maggie)
  5649 | Abyss:2  | Noticed a deep elf sorcerer
  5653 | Abyss:2  | Noticed a starcursed mass
  5663 | Abyss:2  | HP: 1/80 [starcursed mass/accursed screaming (7)]
  5664 | Abyss:2  | Killed from afar by a deep elf sorcerer

Illustrated notes

Levels and vault maps discovered:
D:1:      minmay_arrival_hallway, layout_rooms,
          dreamdust_ecumenical_altar_angels_and_demons, minmay_ruptured
D:2:      layout_basic, nicolae_hexahallways, serial_bayou_pond_d
D:3:      layout_basic, grunt_temple_overflow_open, kennysheep_generic_room_11
D:4:      layout_basic, lemuel_mausoleum_altar_kikubaaqudgha, enter_ossuary_4,
          hangedman_feature_mirror, minmay_tree_intersection, minmay_quantized,
          uniq_natasha, uniq_sigmund
D:5:      layout_loops_ring, xom_teletrap_fun
D:6:      cheibrodos_quashed, layout_loops_cross, minmay_temple_entry_trees,
          serial_park_tiny_1
D:7:      layout_cave_pods, serial_shops, kennysheep_mini_moat, shop,
          uniq_maggie, uniq_duvessa
Abyss:2:  base: D:1, hangedman_abyss_shoalhut

Skill      XL: |  1  2  3  4  5  6  7  8  9 |
---------------+----------------------------+-----
Axes           | 4 5 6 8 9 10 | 10.4
Fighting       | 4 5 6 7 |  7.7
Armour         | 3 4 5 6 7 |  7.3
Dodging        | 3 4 5 6 |  6.6

Action                   |  1- 3 |  4- 6 |  7- 9 || total
-------------------------+-------+-------+-------++-------
Melee: Hand axe          |    80 |    88 |   198 ||   366
       Headbutt          |    13 |    21 |    38 ||    72
       Punch             |     2 |       |     2 ||     4
Invok: Berserk           |       |     1 |     1 ||     2
       Trog's Hand       |       |       |     2 ||     2
  Use: Scroll            |     7 |     3 |     4 ||    14
Armor: Animal skin       |     7 |       |       ||     7
       Leather armour    |    10 |    28 |    38 ||    76
       Scale mail        |       |       |    15 ||    15
       Chain mail        |       |       |     1 ||     1
Dodge: Dodged            |    51 |    45 |    80 ||   176
